 Dungeon Crawl Stone Soup version 0.26-a0-667-g92642533e4 (webtiles) character file.

Game seed: 4389596798450266830

(classic levelgen) 58 EnegeticOcto the Stinger (level 4, -8/33 HPs)
             Began as a Hill Orc Venom Mage on Oct 18, 2020.
             Killed by divine providence
             ... invoked by an orc priest
              (15 damage)
             ... on level 4 of the Dungeon.
             The game lasted 00:04:05 (592 turns).

EnegeticOcto the Stinger (Hill Orc Venom Mage)       Turns: 592, Time: 00:04:06

Health: -8/33      AC:  2    Str: 10    XL:     4   Next: 2%
Magic:  3/6        EV: 12    Int: 16    God:
Gold:   110        SH:  0    Dex: 11    Spells: 3/6 levels left

rFire    . . .     SeeInvis .   c - +0 spear
rCold    + . .     Faith    .   (no shield)
rNeg     . . .     Spirit   .   h - +0 robe (curse)
rPois    .         Reflect  .   (no helmet)
rElec    .         Harm     .   (no cloak)
rCorr    .         Rampage  .   (no gloves)
MR       .....                  (no boots)
Stlth    +.........             (no amulet)
HPRegen  0.11/turn              k - ring of protection from cold
MPRegen  0.10/turn              (no ring)

@: confused
A: no striking features
a: Convert to Beogh


You were on level 4 of the Dungeon.
You visited 1 branch of the dungeon, and saw 4 of its levels.

You collected 110 gold pieces.

Inventory:

Hand Weapons
 c - a +0 spear (weapon)
Armour
 a - a +0 robe
 g - a +0 robe of fire resistance
 h - a cursed +0 robe (worn)
Jewellery
 k - a ring of protection from cold (left hand)
Scrolls
 b - 2 scrolls of identify {unknown}
 d - a scroll of remove curse {unknown}
 e - a scroll of enchant armour {unknown}
 f - 4 scrolls of teleportation {unknown}
 i - a scroll of random uselessness {unknown}
 j - a scroll of noise {unknown}
Potions
 l - a potion of lignification {unknown}


   Skills:
 - Level 1.5 Dodging
 - Level 1.5 Stealth
 - Level 1.5 Spellcasting
 - Level 1.3 Transmutations
 - Level 1.0 Air Magic
 + Level 3.8 Poison Magic


You had 3 spell levels left.
You knew the following spells:

 Your Spells              Type           Power        Failure   Level
a - Sting                 Tmut/Pois      #...         8%          1
b - Poisonous Vapours     Pois/Air       #.....       12%         2

Your spell library contained the following spells:

 Spells                   Type           Power        Failure   Level
 Ignite Poison            Fire/Tmut/Pois #.......     32%         3
 Mephitic Cloud           Conj/Pois/Air  #.......     34%         3
 Olgreb's Toxic Radiance  Pois           ##......     41%         4


Dungeon Overview and Level Annotations

Branches:
Dungeon (4/15)
 Temple: D:4-7

Altars:

Shops:
D:4 (


Message History

The hound skeleton is almost destroyed.
The hound skeleton bites you.
* * * LOW HITPOINT WARNING * * *
You hit the hound skeleton.
You destroy the hound skeleton!
You have reached level 3!
Your experience leads to an increase in your attributes!
Increase (s)trength, (i)ntelligence, or (d)exterity?
You feel clever.
Found a stone staircase leading down.
There is a stone staircase leading down here.
You open the door.
There is an open door here.
You open the door. As you open the door, it creaks loudly!
There is an open door here.
You open the door.
There is an open door here.
A hound comes into view.
The hound barks!
Casting: Sting (safe; 9% risk of failure)
Confirm with . or Enter, or press ? or * to list all spells.
Aiming: Poisonous Vapours (safe; 14% risk of failure)
Press: ? - help, Dir - move target cursor, f - hound
Aim: a hound Poisonous vapours surround the hound!
The hound is engulfed in poison gas.
The hound is poisoned.
Casting: Poisonous Vapours (safe; 14% risk of failure)
Confirm with . or Enter, or press ? or * to list all spells.
Aiming: Poisonous Vapours (safe; 14% risk of failure)
Press: ? - help, Dir - move target cursor, f/p - hound
Aim: a hound (moderately wounded, poisoned) Poisonous vapours surround the hound!
The hound is engulfed in poison gas.
The hound looks even sicker.
Casting: Poisonous Vapours (safe; 14% risk of failure)
Confirm with . or Enter, or press ? or * to list all spells.
Aiming: Sting (safe; 9% risk of failure)
Press: ? - help, Shift-Dir - straight line, f/p - hound
Aim: a hound (heavily wounded, very poisoned)
The sting hits the hound.
The hound looks even sicker.
The hound is heavily wounded.
The hound bites you but does no damage. The hound bites you.
* * * LOW HITPOINT WARNING * * *
The hound bites you but does no damage. The hound bites you.
* * * LOW HITPOINT WARNING * * *
It was a potion of curing.
You feel better. The hound barely misses you. The hound barely misses you.
Casting: Sting (safe; 9% risk of failure)
Confirm with . or Enter, or press ? or * to list all spells.
Aiming: Sting (safe; 9% risk of failure)
Press: ? - help, Shift-Dir - straight line, f/p - hound
Aim: a hound (almost dead, very poisoned)
The sting misses the hound.
The hound bites you.
* * * LOW HITPOINT WARNING * * *
You kill the hound!
Training target 1.0 for Air Magic reached!
Your Air Magic skill increases to level 1!
You have reached level 4!
You see here a hound corpse.
You open the door.
Found Qavoxunt's Weapon Shop.
There is an open door here.
There is an entrance to Qavoxunt's Weapon Shop here.
You can access your shopping list by pressing '$'.
There is an open door here.
Found a scroll labeled CAUKOA KIMOLIN.
e - a scroll labeled CAUKOA KIMOLIN An orc, an orc priest and an orc wizard come into view.
The orc wizard shouts!
An orc wizard comes into view.
It is wielding a +0 dagger and wearing a +1 robe of fire resistance.
The orc wizard casts a spell.
The orc wizard flickers and vanishes!
Deactivating autopickup; reactivate with Ctrl-A.
An orc comes into view. It is wielding a +0 short sword.
The orc priest shouts, "Beogh is our master!
Accept the truth or die!" (press Y on the ability menu to convert to Beogh)
Casting: Sting (safe; 8% risk of failure)
Confirm with . or Enter, or press ? or * to list all spells.
Aiming: Poisonous Vapours (safe; 12% risk of failure)
Press: ? - help, Dir - move target cursor, f - orc wizard
Aim: an orc wizard, wielding a +0 dagger and wearing a +1 robe of fire resistance Poisonous vapours surround the orc wizard!
The orc wizard is engulfed in poison gas.
The orc wizard is poisoned.
The orc wizard casts a spell.
The orc wizard seems to speed up.
The orc wizard looks more healthy.
The orc wizard gestures at you while chanting.
The magic dart hits you.
* * * LOW HITPOINT WARNING * * *
The orc wizard gestures wildly while chanting.
The orc wizard blinks!
You are confused.
The orc wizard points at you and mumbles some strange words.
You resist with some effort.
The orc priest mumbles some strange prayers to Beogh against you.
Beogh smites you!
You die...

########### ###.........#
####.......#
.#####.##.#.###.#
..........#.# #.#
##.....##.###.###.#
##...###..†.o....# ##.##
#####@##### #.# #..# #.# ##.#
##'## #.# #.. ##...## ####.#
##.. ##.....## #....# ###....
# ##.......###'#..## #.....#
###.........##∩#..o########.#
#..
..'.........'###....{.{o....#
#..


You could see an orc priest and an orc wizard (fast).

Vanquished Creatures
  A hound (D:4)
  A hound skeleton (D:4)
  An orc (D:4)
  A ball python (D:3)
  2 hobgoblins (D:1)
  2 frilled lizards (D:2)
  4 kobolds
  4 rats
16 creatures vanquished.

Notes
Turn   | Place    | Note
-------+----------+-------------------------------------------
     0 | D:1      | EnegeticOcto the Hill Orc Venom Mage began the quest for
                  | the Orb.
     0 | D:1      | Reached XP level 1. HP: 14/14 MP: 3/3
    67 | D:1      | Reached skill level 1 in Transmutations
   170 | D:2      | Reached XP level 2. HP: 4/20 MP: 1/4
   179 | D:2      | Learned a level 2 spell: Poisonous Vapours
   398 | D:4      | Reached skill level 3 in Poison Magic
   451 | D:4      | HP: 1/20 [hound skeleton (4)]
   452 | D:4      | Reached XP level 3. HP: 2/26 MP: 3/5
   533 | D:4      | HP: 1/26 [hound (4)]
   537 | D:4      | Reached skill level 1 in Air Magic
   537 | D:4      | Reached XP level 4. HP: 6/33 MP: 0/6
   548 | D:4      | Found Qavoxunt's Weapon Shop.
   592 | D:4      | Killed from afar by an orc priest

Illustrated notes

Levels and vault maps discovered:
D:1:      dpeg_arrival_long_road, layout_loops_ring, chequers_garden
D:2:      layout_rooms
D:3:      layout_loops_ring, kennysheep_another_room,
          nicolae_tso_swordbearing_angel, uniq_crazy_yiuf_cottage, uniq_sigmund
D:4:      layout_loops_corners, serial_shops, kennysheep_mini, uniq_edmund

Skill      XL: |  1  2  3 |
---------------+----------+-----
Transmutations | 1 |  1.3
Poison Magic   | 3 |  3.8
Air Magic      | 1 |  1.0
Dodging        | |  1.5
Stealth        | |  1.5
Spellcasting   | |  1.5

Action                   |  1- 3 |  4- 6 || total
-------------------------+-------+-------++-------
Melee: Spear             |    15 |       ||    15
       Unarmed           |     1 |       ||     1
 Cast: Sting             |    23 |       ||    23
       Poisonous Vapours |     2 |     1 ||     3
  Use: Potion            |     1 |       ||     1
Armor: Robe              |     5 |       ||     5
Dodge: Dodged            |    21 |       ||    21

Table legend: (Time is in decaauts)
 A = Elapsed time spent in this place.
 B = Non-inter-level travel time spent in this place.
 C = Inter-level travel time spent in this place.
 D = Time resting spent in this place.
 E = Time spent auto-exploring this place.
 F = Levels seen in this place.
 G = Mean time per level.
                   A        B        C        D        E       F      G
               +--------+--------+--------+--------+--------+-----+--------+
         Total |    592 |    588 |      4 |      0 |      0 |   4 |  148.0 |
       Dungeon |    592 |    588 |      4 |      0 |      0 |   4 |  148.0 |
               +--------+--------+--------+--------+--------+-----+--------+

Top non-repeatable levels by time:
     D:4: 252 daAuts
     D:1: 185 daAuts
     D:2: 106 daAuts
     D:3: 48 daAuts
